Map: Invader LE

Players

Sheridan - Winner!

  • Race: Terran Terran
  • League: Silver

gAtoRz

  • Race: Zerg Zerg
  • League: Silver

VOD

Have the link to the VOD?

Description

Time

  • Played on: July 4, 2016, 7:23 a.m.
  • Length: 21:22
Show
View Real Time Build Order
Export as new Build Order

Sheridan Terran - Winner!

Build Orders:  

Get SALT Encoding   

  12  0:01  SCV  
  13  0:14  SCV  
  14  0:27  Supply Depot  
  14  0:30  SCV  
  15  0:45  Supply Depot  
  15  0:49  SCV  
  16  0:55  Barracks  
  16  1:01  SCV  
  17  1:09  Barracks  
  17  1:13  SCV  
  18  1:25  SCV  
  19  1:37  SCV  
  20  1:51  Command Center  
  20  1:52  Marine  
  20  1:53  SCV  
  22  1:58  Refinery  
  22  2:03  Engineering Bay  
  22  2:06  SCV  
  23  2:11  Marine  
  24  2:16  Marine  
  24  2:22  SCV  
  26  2:32  Supply Depot  
  26  2:34  SCV, Marine  
  26  2:35  Marine  
  29  2:44  Refinery  
  29  2:46  SCV  
  30  2:52  Marine  
  30  2:54  Marine  
  30  2:56  Missile Turret  
  32  3:02  Supply Depot  
  32  3:04  SCV  
  33  3:12  SCV  
  34  3:13  Refinery  
  34  3:17  SCV  
  35  3:21  Marine  
  35  3:24  SCV, Marine  
  38  3:42  Barracks Tech Lab  
  38  3:45  Orbital Command  
  38  3:46  Orbital Command  
  38  3:56  Hi-Sec Auto Tracking  
  38  3:57  Factory  
  38  4:08  Marauder  
  40  4:12  SCV  
  40  4:13  SCV  
  42  4:24  Combat Shields, SCV  
  42  4:25  SCV  
  44  4:31  Refinery  
  44  4:36  SCV  
  44  4:37  SCV  
  46  4:43  Command Center, Factory Tech Lab  
  46  4:52  Missile Turret  
  45  5:07  Terran Infantry Weapons Level 1  
  45  5:11  Siege Tank, Sensor Tower  
  48  5:23  Starport  
  48  5:31  Starport  
  48  5:34  Starport  
  48  5:43  Widow Mine  
  48  5:45  Marine, Marauder  
  53  5:50  Concussive Shells  
  53  5:57  Orbital Command  
  53  6:07  SCV x2  
  55  6:11  Widow Mine  
  55  6:13  Marine, Marauder  
  60  6:19  SCV x2  
  60  6:23  Medivac  
  60  6:24  Medivac  
  66  6:31  Marine  
  67  6:39  Command Center  
  67  6:40  Siege Tank  
  67  6:45  Viking  
  72  6:56  Supply Depot  
  72  6:59  Supply Depot  
  72  7:01  Missile Turret  
  72  7:02  Terran Infantry Armor Level 1  
  72  7:07  Sensor Tower  
  72  7:10  Missile Turret  
  72  7:12  Missile Turret  
  72  7:15  Missile Turret  
  72  7:32  Supply Depot  
  72  7:41  Starport Tech Lab x3  
  72  7:52  Armory  
  72  7:55  Armory  
  72  8:02  Supply Depot  
  72  8:06  Command Center  
  72  8:09  Missile Turret  
  72  8:13  Missile Turret  
  72  8:17  Missile Turret  
  72  8:24  Orbital Command  
  72  8:28  Refinery  
  72  8:38  Command Center  
  72  8:43  Cloaking Field  
  72  8:46  Terran Ship Weapons Level 1, Terran Vehicle And Ship Armor Level 1  
  72  8:51  Raven  
  72  8:52  Banshee  
  72  8:55  Terran Infantry Weapons Level 2, Banshee  
  80  9:22  Starport  
  80  9:23  Orbital Command  
  80  9:27  SCV  
  80  9:31  Marine, Marauder  
  84  9:34  Banshee x2  
  90  9:39  SCV  
  90  9:45  Command Center  
  91  9:47  Banshee  
  91  9:48  Marine  
  91  9:51  SCV  
  96  10:03  SCV  
  96  10:04  Command Center  
  97  10:15  SCV  
  97  10:19  Command Center  
  98  10:26  Orbital Command  
  98  10:27  SCV  
  99  10:40  SCV  
  100  10:52  SCV  
  102  11:04  SCV  
  102  11:06  Starport Tech Lab  
  102  11:07  Command Center  
  102  11:08  Banshee x3  
  111  11:11  Terran Vehicle And Ship Armor Level 2, Terran Ship Weapons Level 2  
  111  11:16  SCV  
  112  11:27  Fusion Core  
  112  11:28  SCV  
  113  11:34  Orbital Command  
  113  11:40  Banshee  
  113  11:44  Orbital Command  
  116  11:49  Orbital Command, Refinery  
  116  11:50  Banshee  
  116  11:51  Banshee  
  122  11:56  Refinery  
  122  12:00  Refinery  
  122  12:13  Command Center  
  60  12:37  Banshee  
  60  12:38  Banshee x3  
  59  13:16  Weapon Refit  
  58  13:20  Banshee  
  58  13:21  Battlecruiser x3  
  76  13:40  Terran Vehicle And Ship Armor Level 3, Terran Ship Weapons Level 3  
  76  14:02  Orbital Command  
  76  14:03  Battlecruiser  
  76  14:28  Barracks  
  76  14:34  Barracks  
  76  14:43  Orbital Command, SCV  
  78  14:45  SCV  
  78  14:52  SCV  
  79  14:55  SCV  
  79  14:57  SCV  
  81  15:04  SCV  
  82  15:07  SCV, Factory Tech Lab  
  82  15:10  Terran Infantry Weapons Level 3  
  83  15:16  SCV  
  83  15:17  Barracks  
  84  15:22  Barracks  
  84  15:24  Orbital Command  
  84  15:26  Orbital Command  
  84  15:29  SCV  
  84  15:34  Marine x2  
  87  15:40  SCV  
  88  15:50  Battlecruiser  
  88  15:51  Marine  
  88  15:52  SCV, Marine  
  97  16:04  Bunker, SCV, Barracks  
  97  16:05  Bunker  
  97  16:09  Marine x2  
  100  16:16  SCV  
  101  16:18  Terran Vehicle Weapons Level 1  
  101  16:23  Battlecruiser  
  107  16:32  Refinery  
  107  16:36  Missile Turret  
  107  16:37  Missile Turret  
  107  16:40  Barracks Tech Lab  
  107  16:41  Barracks Reactor  
  107  16:42  Barracks Tech Lab, Barracks Reactor  
  107  16:51  SCV  
  107  16:53  SCV  
  109  17:03  SCV  
  109  17:04  Refinery  
  109  17:05  SCV  
  111  17:15  Marine x2  
  112  17:16  Marine x3  
  116  17:30  Barracks  
  116  17:31  Marine x2  
  116  17:32  Barracks  
  116  17:33  Marine  
  116  17:34  Marine x2, Marauder x2  
  125  17:37  Medivac  
  125  17:38  Raven, Battlecruiser  
  135  17:44  SCV  
  135  17:46  Terran Infantry Armor Level 2  
  135  17:49  Marine x2  
  135  17:51  Marine  
  139  17:52  Marine  
  139  17:55  Marauder  
  139  17:56  SCV, Marauder  
  145  18:01  Refinery  
  145  18:08  SCV  
  146  18:17  Marauder x2  
  146  18:18  Barracks  
  150  18:20  Command Center  
  150  18:21  SCV  
  150  18:23  Thor  
  150  18:26  Terran Vehicle Weapons Level 2  
  157  18:33  SCV  
  140  18:54  Marine  
  140  18:55  Marine x5  
  117  18:56  Marine x3  
  119  19:05  Thor  
  118  19:12  Marine  
  118  19:13  Marine x6  
  118  19:14  Marine x2  
  127  19:25  Battlecruiser x2  
  127  19:30  Marine x2  
  127  19:31  Marine x6  
  143  19:32  Marine  
  143  19:35  Refinery  
  148  19:48  Orbital Command, Thor, Marine x4  
  148  19:49  Marine x3  
  148  19:50  Marauder x2  
  165  19:54  Refinery  
  165  20:02  Viking x2  
  165  20:05  Behemoth Reactor  
  165  20:06  Marine x5  
  173  20:07  Marine x2  
  173  20:11  Marauder x2  
  180  20:17  SCV  
  181  20:24  Marine x2  
  181  20:25  Marine  
  184  20:29  Viking, SCV  
  184  20:32  Command Center  
  169  20:55  Marine x3  
  169  20:56  Marine x5  
Show
View Real Time Build Order
Export as new Build Order

gAtoRz Zerg 

Build Orders: Hatch First 

Get SALT Encoding   

  12  0:08  Overlord  
  12  0:13  Drone  
  13  0:17  Drone  
  14  0:26  Drone  
  15  0:30  Drone  
  16  0:40  Drone  
  17  0:56  Hatchery  
  16  0:57  Drone  
  16  1:02  Drone, Extractor  
  17  1:13  Drone  
  18  1:22  Spawning Pool  
  18  1:24  Drone  
  18  1:34  Drone  
  19  1:47  Overlord  
  19  2:05  Evolution Chamber  
  18  2:09  Zergling x6  
  21  2:22  Drone, Zergling x2  
  23  2:25  Queen  
  23  2:26  Queen  
  27  2:35  Zergling x4  
  30  2:51  Drone x3  
  32  3:02  Lair  
  32  3:12  Drone x4  
  36  3:18  Extractor  
  35  3:23  Zerg Melee Weapons Level 1  
  35  3:40  Overlord x2  
  35  3:48  Overlord x2  
  35  3:55  Roach Warren  
  34  3:58  Evolution Chamber  
  33  4:03  Drone x3  
  33  4:07  Drone x3  
  33  4:08  Drone  
  40  4:18  Drone x4  
  44  4:47  Drone x4  
  44  4:49  Roach x4  
  56  4:58  Baneling Nest  
  56  4:59  Zerg Missile Weapons Level 1  
  55  5:00  Extractor  
  55  5:02  Extractor  
  55  5:09  Drone  
  55  5:10  Drone x3  
  57  5:30  Queen  
  59  5:41  Drone  
  59  5:42  Overlord x7  
  60  5:45  Overseer  
  60  5:46  Overseer x3  
  60  5:54  Metabolic Boost  
  60  5:57  Centrifical Hooks  
  60  6:02  Roach x2  
  64  6:05  Baneling  
  64  6:06  Baneling x2  
  64  6:09  Roach  
  66  6:19  Hydralisk Den  
  65  6:30  Drone x6  
  71  6:38  Zerg Ground Armor Level 1  
  71  7:04  Roach  
  71  7:05  Hydralisk x4, Roach x2  
  85  7:08  Hatchery  
  84  7:16  Muscular Augments  
  84  7:20  Glial Reconstitution  
  84  7:34  Hydralisk x2  
  84  7:35  Hydralisk  
  84  7:36  Roach  
  92  7:38  Zergling x4  
  92  7:39  Zergling x4  
  92  7:42  Baneling x2  
  92  7:43  Baneling  
  96  7:56  Overseer x2  
  96  7:58  Roach x2  
  100  7:59  Roach  
  102  8:20  Hydralisk  
  102  8:21  Hydralisk  
  102  8:22  Roach x4  
  102  8:23  Roach  
  116  8:54  Roach x2  
  116  8:55  Roach  
  122  8:56  Overlord x5  
  122  9:05  Baneling x2  
  122  9:06  Baneling x5  
  122  9:21  Zerg Missile Weapons Level 2  
  122  9:23  Zerg Ground Armor Level 2  
  122  9:27  Pneumatized Carapace  
  122  9:39  Drone  
  122  9:40  Drone x8, Extractor  
  122  9:43  Roach x3, Extractor  
  135  9:46  Overlord  
  135  10:01  Roach x2  
  135  10:02  Roach x4  
  147  10:10  Queen  
  149  10:17  Hydralisk x2  
  149  10:18  Hydralisk x2  
  157  10:22  Lurker Den  
  157  10:58  Nydus Network  
  157  11:04  Roach x7  
  164  11:06  Overlord x5  
  170  11:27  Roach x2  
  170  11:28  Roach x4, Overlord x2  
  182  11:38  Overlord x2  
  182  11:39  Overlord x2  
  182  11:40  Roach x4  
  190  11:49  Roach x2  
  191  12:11  Roach x3  
  191  12:12  Roach x7  
  183  12:21  Roach  
  183  12:22  Roach x3  
  161  12:31  Hydralisk x3  
  161  12:32  Hydralisk x3  
  166  12:42  Hydralisk x4  
  160  12:56  Hydralisk x3  
  136  13:14  Hydralisk x3  
  136  13:15  Hydralisk  
  122  13:28  Hydralisk  
  122  13:29  Hydralisk x3  
  118  13:38  Overseer x3  
  114  13:45  Hydralisk x2  
  102  14:06  Hydralisk x3  
  102  14:07  Hydralisk x4  
  92  14:18  Drone  
  92  14:19  Drone x6  
  99  14:29  Overlord  
  99  14:30  Overlord x2  
  99  14:51  Hydralisk x2  
  99  14:52  Hydralisk x4  
  109  14:56  Hatchery  
  110  15:26  Hatchery  
  109  15:35  Hydralisk x2  
  109  15:36  Hydralisk x6  
  125  15:44  Hydralisk x2  
  129  16:14  Hydralisk x3  
  129  16:15  Hydralisk x3  
  141  16:18  Extractor  
  141  16:20  Extractor  
  139  16:28  Hydralisk  
  139  16:29  Hydralisk x3  
  147  16:35  Lair  
  147  16:53  Extractor  
  146  16:54  Extractor  
  146  16:58  Drone x4  
  146  17:00  Drone  
  150  17:15  Overseer  
  150  17:41  Drone x4  
  150  17:42  Drone  
  150  17:43  Hydralisk x6  
  150  17:44  Hydralisk x7, Infestation Pit  
  165  17:45  Hydralisk x3  
  186  17:54  Overseer x2  
  186  17:55  Overseer x7  
  186  17:56  Overseer  
  186  18:02  Drone x2  
  186  18:03  Drone x3  
  191  18:18  Hydralisk x3  
  191  18:19  Hydralisk  
  179  18:46  Hydralisk x7  
  179  18:47  Hydralisk x5  
  155  19:00  Hydralisk x4  
  155  19:01  Hydralisk  
  137  19:04  Roach x2  
  113  19:25  Queen  
  113  19:28  Queen  
  117  19:40  Lair  
  117  19:43  Hive  
  117  19:55  Lair  
  117  19:56  Hydralisk x2  
  117  19:57  Roach x3, Hydralisk x3  
  133  20:22  Overlord x5  
  133  20:23  Overlord x7  
  133  20:24  Overlord x3  
  117  20:50  Hydralisk x5  
  117  20:51  Hydralisk  
Tags
 
Add a new tag
Caveats
  • Supply blocks, unpowered buildings, or Contaminate may cause inaccurate times.
  • Supply counts are checked every 10 seconds.